Get step-by-step instructions on how to execute this build order below. Start the game timer, and the build order will tick by so you can play in parallel with StarCraft on a second screen or mobile device.

Game Time

  0:00

Last Step

  N/A

Next Step

Upcoming Step



Don't want to look back and forth between 2 screens? Try out our Overwolf App, the Spawning Tool Build Advisor to get an in-game overlay with this build!

Complete Build Order

  13  0:13  Overlord  
  17  0:42  Extractor 3 Drones  
  17  0:50  Spawning Pool  
  18  1:18  Hatchery Natural  
  18  1:36  Queen  
  20  1:37  Zergling x2  
  22  1:51  Metabolic Boost  
  22  2:06  Roach Warren  
  21  2:07  Overlord  
  22  2:40  Roach x3  
  32  2:48  Zergling x8  
  32  2:55  Overlord  
  32  3:03  Ravager x3  
  32  3:10  Zergling x20